 Dungeon Crawl Stone Soup version 0.28.0-49-g6dfe1f597d (webtiles) character file.

Game seed: 13336218303869759902

11683 greasedhog the Basher (level 12, -5/97 HPs)
             Began as a Formicid Fighter on May 15, 2022.
             Was an Elder of Okawaru.
             Slain by a seven-headed hydra (15 damage)
             ... in the Arena.
             The game lasted 00:18:31 (11051 turns).

greasedhog the Basher (Formicid Fighter)           Turns: 11051, Time: 00:18:32

Health: -5/97      AC: 12    Str: 27    XL:     12   Next: 10%
Magic:  7/19       EV: 11    Int:  9    God:    Okawaru [****..]
Gold:   651        SH: 11    Dex: 12    Spells: 11/11 levels left

rFire   . . .      SeeInvis +   b - +1 whip (venom)
rCold   . . .      Faith    .   A - +0 kite shield
rNeg    . . .      Spirit   .   l - +1 scale mail "Hiadghame" {Harm Str+2 Dex+2}
rPois   +          Reflect  .   (helmet unavailable)
rElec   .          Harm     +   e - +0 cloak {rPois}
rCorr   .          Rampage  .   (no gloves)
Will    +....      Clarity  +   (no boots)
Stlth   +.........              (no amulet)
HPRegen 0.26/turn               (no ring)
MPRegen 0.16/turn               (no ring)

@: heroic, finesse-ful, duelling
A: permanent stasis, dig shafts and tunnels, antennae 3, four strong arms,
iridescent scales 1, clarity
a: Dig, Renounce Religion, Heroism, Finesse


You were in the Arena.
You worshipped Okawaru.
Okawaru was greatly pleased with you.
You visited 2 branches of the dungeon, and saw 12 of its levels.
You also visited: Bailey.

You collected 651 gold pieces.

Inventory:

Hand Weapons
 a - a +1 flail of holy wrath
 b - a +1 whip of venom (weapon)
 k - a +0 morningstar
Armour
 c - a +0 plate armour
 e - a +0 cloak of poison resistance (worn)
 f - a +0 chain mail
 l - the +1 scale mail "Hiadghame" (worn) {Harm Str+2 Dex+2}
   (You found it on level 5 of the Dungeon)

   Str:       It affects your strength (+2).
   Dex:       It affects your dexterity (+2).
   Harm:      It increases damage dealt and taken.
 v - a +1 cloak
 x - a +0 scale mail of cold resistance
 A - a +0 kite shield (worn)
Jewellery
 y - an amulet of faith
Wands
 p - a wand of flame (30)
 r - a wand of iceblast (7)
 s - a wand of acid (21)
 B - a wand of paralysis (9)
Scrolls
 h - 2 scrolls of enchant armour {unknown}
 j - a scroll of identify
 o - 2 scrolls of immolation
 t - a scroll of blinking {unknown}
 u - 2 scrolls of fear {unknown}
 w - 2 scrolls of teleportation {unknown}
Potions
 d - a potion of magic {unknown}
 g - a potion of ambrosia {unknown}
 i - a potion of mutation
 m - 2 potions of curing
 n - a potion of lignification {unknown}
 q - a potion of haste {unknown}
 z - a potion of degeneration {unknown}
 C - a potion of might


   Skills:
 - Level 10.0(15.0) Fighting
 - Level 14.0(19.0) Maces & Flails
 - Level 3.2(8.2) Armour
 * Level 5.0(10.0) Shields
 * Level 9.7 Invocations


You had 11 spell levels left.
You didn't know any spells.
Your spell library contained the following spells:

 Spells                   Type           Power      Damage    Failure   Level
 Scorch                   Fire           0%         2d5       92%         2
 Frozen Ramparts          Ice            0%         1d2       99%         3
 Flame Wave               Conj/Fire      0%         2d4       100%        4
 Ice Form                 Ice/Tmut       0%         N/A       100%        4
 Summon Ice Beast         Ice/Summ       Unusable   N/A       N/A         4
 Summon Cactus Giant      Summ           Unusable   N/A       N/A         6

Dungeon Overview and Level Annotations

Branches:
Dungeon (11/15)            Temple (1/1) D:6            Lair (0/6) D:10
 Bailey (visited)
    Orc: D:9-12

Altars:
Ashenzari
Cheibriados
Dithmenos
Elyvilon
Fedhas
Gozag
Hepliaklqana
Kikubaaqudgha
Nemelex Xobeh
Okawaru
Qazlal
Ru
Sif Muna
Trog
Uskayaw
Vehumet
Wu Jian
Xom
Yredelemnul
Zin
The Shining One


Innate Abilities, Weirdness & Mutations

You cannot be hasted, slowed, berserked, paralysed or teleported.
You can dig through walls and to a lower floor.
You have a pair of large antennae on your head. (SInv)
Your four strong arms can wield two-handed weapons with a shield.
You are partially covered in iridescent scales. (AC +2)
You possess an exceptional clarity of mind.


Message History

The seven-headed hydra completely misses you.
Found a gate leading back out of this place.
There is an empty arch of ancient stone, spattered with blood here.
The spectator shouts!
You whack the seven-headed hydra!
The seven-headed hydra is lightly wounded.
You whack the seven-headed hydra!
The seven-headed hydra is poisoned.
The seven-headed hydra is heavily wounded.
The seven-headed hydra bites you.
The seven-headed hydra bites you but does no damage.
You block the seven-headed hydra's attack. x2
The seven-headed hydra bites you. The seven-headed hydra bites you!
* * * LOW HITPOINT WARNING * * *
You block the seven-headed hydra's attack.
You hit the seven-headed hydra but do no damage.
The seven-headed hydra looks as sick as possible!
The seven-headed hydra is heavily wounded.
Okay, then.
You hit the seven-headed hydra.
The seven-headed hydra is heavily wounded.
You whack the seven-headed hydra!
The seven-headed hydra is severely wounded.
You hit the seven-headed hydra.
The seven-headed hydra is almost dead.
The seven-headed hydra bites you!
* * * LOW HITPOINT WARNING * * *
The seven-headed hydra bites you.
* * * LOW HITPOINT WARNING * * *
The seven-headed hydra bites you.
* * * LOW HITPOINT WARNING * * *
The seven-headed hydra bites you but does no damage.
You block the seven-headed hydra's attack.
The seven-headed hydra barely misses you.
The seven-headed hydra completely misses you.
The seven-headed hydra bites you but does no damage.
The seven-headed hydra misses you.
The seven-headed hydra bites you but does no damage.
The seven-headed hydra bites you!
You die...
Okawaru crowns the seven-headed hydra victorious!

###########
##..p▓∩▓..p##
##▓▓▓▓▓▓▓▓▓▓▓##
#.▓.......D.▓.#
#.▓.#....@#.▓.#
#p▓.........▓.#
#▓▓.........▓▓#
#p▓....∩....▓p#
#▓▓.........▓▓#
#p▓.........▓p#
#.▓.#.....#.▓.#
#.▓.........▓.#
##▓▓▓▓▓▓▓▓▓▓▓##


You could see a seven-headed hydra (very poisoned).

Vanquished Creatures
  Josephine (D:10)
  Harold (D:10)
  A hydra (D:11)
  An orc knight (Bailey)
  6 centaur zombies
  An unseen horror (D:9)
  Maggie (D:10)
  A troll (D:9)
  A polar bear (D:10)
  A hornet (D:6)
  A vampire (D:10)
  3 shadows
  3 wraiths (D:10)
  Sigmund (D:5)
  A centaur simulacrum (D:10)
  2 wyverns
  10 yaks
  A basilisk (D:10)
  A steam dragon (D:9)
  4 vampire mosquitoes
  A water moccasin (D:9)
  7 orc warriors
  An ice beast (D:10)
  2 black bears
  An ogre (D:5)
  A wolf (D:10)
  2 phantoms
  5 kobold brigands (Bailey)
  2 gnoll sergeants
  A scorpion (D:4)
  A water moccasin skeleton (D:4)
  3 wights (D:8)
  2 howler monkeys (D:10)
  2 electric eels (D:10)
  2 jellies
  2 hounds
  An orc priest (D:8)
  A bullfrog skeleton (D:4)
  A gnoll shaman (D:5)
  4 iguanas
  6 orc wizards
  A hound zombie (D:5)
  A hound skeleton (D:5)
  A howler monkey zombie (D:9)
  12 gnolls
  7 adders
  2 white imps (D:10)
  5 dart slugs
  2 worms
  19 orcs
  5 ball pythons
  7 endoplasms
  7 giant cockroaches
  9 goblins
  9 hobgoblins
  2 quokkas
  8 bats
  5 frilled lizards
  17 kobolds
  10 rats
219 creatures vanquished.

Vanquished Creatures (others)
  4 withered plants (D:1)
4 creatures vanquished.

Grand Total: 223 creatures vanquished

Notes
Turn   | Place    | Note
-------+----------+-------------------------------------------
     0 | D:1      | greasedhog the Formicid Fighter began the quest for the
                  | Orb.
     0 | D:1      | Reached XP level 1. HP: 18/18 MP: 1/1
    38 | D:1      | Reached XP level 2. HP: 24/24 MP: 2/2
   392 | D:1      | Reached skill level 3 in Maces & Flails
   512 | D:1      | Reached XP level 3. HP: 29/29 MP: 3/3
   726 | D:1      | Found a faded altar of an unknown god.
  1987 | D:3      | Reached skill level 4 in Maces & Flails
  1987 | D:3      | Reached XP level 4. HP: 35/35 MP: 4/4
  2085 | D:3      | Gained mutation: You are partially covered in iridescent
                  | scales. (AC +2) [potion of mutation]
  2085 | D:3      | Gained mutation: You possess an exceptional clarity of
                  | mind. [potion of mutation]
  2363 | D:3      | Reached XP level 5. HP: 38/41 MP: 5/5
  2629 | D:4      | Reached skill level 5 in Maces & Flails
  2631 | D:4      | Identified the +7 dagger of Cowardice {vorpal, rPois Will+
                  | Str+3 Dex-5}
  2970 | D:4      | Noticed a phantom
  2980 | D:4      | Killed a phantom
  2981 | D:4      | Reached skill level 6 in Maces & Flails
  2981 | D:4      | Reached XP level 6. HP: 41/47 MP: 6/6
  3471 | D:4      | Reached skill level 7 in Maces & Flails
  3471 | D:4      | Reached XP level 7. HP: 49/52 MP: 7/7
  3903 | D:5      | Entered Level 5 of the Dungeon
  3999 | D:5      | Identified the +1 scale mail "Hiadghame" {Harm Str+2 Dex+2}
  4052 | D:5      | Noticed Sigmund
  4258 | D:5      | Killed Sigmund
  4259 | D:5      | Reached skill level 8 in Maces & Flails
  4259 | D:5      | Reached XP level 8. HP: 58/58 MP: 8/8
  4311 | D:5      | Reached skill level 9 in Maces & Flails
  5227 | D:6      | Noticed a hornet
  5239 | D:6      | Killed a hornet
  5240 | D:6      | Reached skill level 10 in Maces & Flails
  5294 | D:6      | Found a staircase to the Ecumenical Temple.
  5394 | Temple   | Entered the Ecumenical Temple
  5580 | Temple   | Became a worshipper of Warmaster Okawaru
  5975 | D:6      | Reached XP level 9. HP: 25/64 MP: 9/9
  6270 | D:7      | You fall into a shaft and drop 3 floors!
  6270 | D:10     | Entered Level 10 of the Dungeon
  6272 | D:10     | Found a staircase to the Lair.
  6279 | D:10     | You fall into a shaft and drop 1 floor!
  6289 | D:11     | Reached skill level 11 in Maces & Flails
  6341 | D:11     | Noticed a four-headed hydra
  6346 | D:11     | Reached * piety under Okawaru
  6347 | D:11     | Reached skill level 12 in Maces & Flails
  6350 | D:11     | Killed a four-headed hydra
  6350 | D:11     | Reached ** piety under Okawaru
  6351 | D:11     | Reached skill level 13 in Maces & Flails
  6355 | D:11     | Reached XP level 10. HP: 41/70 MP: 10/10
  6549 | D:11     | Reached *** piety under Okawaru
  6558 | D:11     | Reached skill level 14 in Maces & Flails
  6585 | D:11     | Reached skill level 1 in Invocations
  7028 | D:10     | Noticed Josephine
  7041 | D:10     | Killed Josephine
  7041 | D:10     | Reached **** piety under Okawaru
  7042 | D:10     | Reached skill level 5 in Fighting
  7056 | D:10     | Reached skill level 5 in Invocations
  7248 | D:10     | Noticed Harold
  7265 | D:10     | Killed Harold
  7266 | D:10     | Reached XP level 11. HP: 69/84 MP: 7/15
  7869 | D:10     | Noticed Maggie
  7880 | D:10     | Killed Maggie
  8034 | D:10     | Reached ***** piety under Okawaru
  9255 | D:9      | Found a flagged portal.
  9274 | Bailey   | Entered a bailey
  9452 | Bailey   | Noticed an orc knight
  9479 | Bailey   | Killed an orc knight
  9715 | Bailey   | Found an iron altar of Okawaru.
  9899 | D:9      | Reached skill level 10 in Fighting
  9927 | D:9      | HP: 3/90 [yak (15)]
  9930 | D:9      | Reached XP level 12. HP: 3/97 MP: 18/18
 11017 | D:8      | Noticed a seven-headed hydra
 11034 | D:8      | Reached skill level 5 in Shields
 11034 | Arena    | Entered the Arena
 11051 | Arena    | Slain by a seven-headed hydra

Illustrated notes

Levels and vault maps discovered:
D:1:      onia_arrival_pyramid, layout_loops_ring,
          shapermc_ecumenical_altar_flowoftime, solitary_fountain,
          bh_walls_and_bars
D:2:      layout_loops_ring
D:3:      minmay_octagon_keep, layout_basic, hangedman_abyss_or_decor_stabs
D:4:      layout_basic, st_stairs_14, serial_bayou_pond_b,
          minmay_misc_feat_tower, minmay_distorted
D:5:      layout_cave_pools, grunt_ministairs_5, minmay_increasing_density,
          uniq_sigmund
D:6:      layout_basic, minmay_temple_entry_junction
D:7:      layout_gridville
D:8:      layout_loops_cross, lightli_temple_of_fire,
          hellmonk_ghost_happy_afterlife
D:9:      layout_basic, enter_bailey_4
D:10:     layout_rooms, david_lair_generic, serial_ice, serial_ice_g,
          serial_ice_j, serial_ice_a, serial_ice_f, uniq_harold, uniq_maggie,
          uniq_josephine
D:11:     layout_rooms, uniq_snorg
Temple:   minmay_crystal_snake_temple
Arena

Skill      XL: |  1  2  3  4  5  6  7  8  9 10 11 12 |
---------------+-------------------------------------+-----
Maces & Flails | 3 4 6 7 8 10 13 14 | 14.0
Invocations    | 6 9 |  9.7
Fighting       | 7 10 | 10.0
Shields        | 4 5 |  5.0
Armour         | |  3.2

Action                   |  1- 3 |  4- 6 |  7- 9 | 10-12 || total
-------------------------+-------+-------+-------+-------++-------
Melee: Flail             |   148 |   114 |   140 |   336 ||   738
       Whip              |       |       |       |    22 ||    22
Invok: Heroism           |       |       |       |    13 ||    13
       Finesse           |       |       |       |     4 ||     4
       Duel              |       |       |       |     1 ||     1
  Use: Scroll            |     3 |     2 |     2 |     2 ||     9
       Potion            |       |     1 |     1 |     3 ||     5
Armor: Scale mail        |    63 |    27 |    32 |    97 ||   219
       Chain mail        |       |    32 |     9 |       ||    41
Dodge: Dodged            |    47 |    48 |    42 |    99 ||   236
Block: Buckler           |    22 |    26 |    26 |    25 ||    99
       Kite shield       |       |       |       |    81 ||    81
